 Dungeon Crawl Stone Soup version 0.18.1-1-g2f07953 (webtiles) character file.

216 barb4r1an the Twirler (level 5, -5/41 HPs)
             Began as a Demonspawn Gladiator on May 7, 2016.
             Was an Initiate of Okawaru.
             Slain by barb4r1an's ghost (8 damage)
             ... on level 4 of the Dungeon.
             The game lasted 00:04:16 (2640 turns).

barb4r1an the Twirler (Demonspawn Gladiator)        Turns: 2640, Time: 00:04:17

Health: -5/41      AC:  9    Str: 16    XL:     5   Next: 61%
Magic:  5/5        EV:  8    Int:  9    God:    Okawaru [......]
Gold:   203        SH:  0    Dex: 14    Spells: 0 memorised, 4 levels left

rFire  . . .     SeeInvis .     a - +0 quarterstaff
rCold  . . .     Gourm    .     p - +0 chain mail
rNeg   . . .     Faith    .     (shield currently unavailable)
rPois  .         Spirit   .     c - +0 helmet
rElec  .         Dismiss  .     (no cloak)
rCorr  .         Reflect  .     (no gloves)
SustAt .         Harm     .     (no boots)
MR     .....                    (no amulet)
Stlth  ..........               (no ring)
                                j - ring of loudness (curse)

@: not resistant to hostile enchantments, extremely unstealthy
A: powered by pain 1
a: Renounce Religion


You were on level 4 of the Dungeon.
You worshipped Okawaru.
Okawaru was noncommittal.
You were hungry.

You visited 1 branch of the dungeon, and saw 4 of its levels.

You collected 203 gold pieces.

Inventory:

Hand Weapons
 a - a +0 quarterstaff (weapon)
Missiles
 d - 3 throwing nets (quivered)
Armour
 c - a +0 helmet (worn)
 p - a +0 chain mail (worn)
Jewellery
 j - a cursed ring of loudness (left hand)
Wands
 s - a wand of random effects (36/48)
 t - a wand of flame (23/48)
Scrolls
 e - 2 scrolls of remove curse {unknown}
 g - 4 scrolls of identify {unknown}
 k - a scroll of noise {unknown}
 m - a scroll of enchant armour {unknown}
 o - 2 scrolls of fog {unknown}
 r - a scroll of fear {unknown}
Potions
 b - a potion of might {unknown}
 l - a potion of heal wounds {unknown}
 n - a potion of curing {unknown}
 q - a potion of flight {unknown}
Comestibles
 f - 3 bread rations
 h - 2 royal jellies
 i - a meat ration


   Skills:
 + Level 3.1 Fighting
 + Level 3.9 Staves
 - Level 1.7 Throwing
 + Level 2.2 Armour
 + Level 3.6 Dodging


You had 4 spell levels left.
You didn't know any spells.

Dungeon Overview and Level Annotations

Branches:
Dungeon (4/15)
 Temple: D:4-7

Altars:
Okawaru

Portals:
Sewer: D:4

Annotations:
D:4 barb4r1an's ghost, amateur DrCj


Innate Abilities, Weirdness & Mutations

You sometimes gain a little power by taking damage.


Message History

The giant cockroach bites you but does no damage.
The giant gecko barely misses you.
Barb4r1an's ghost hits you but does no damage.
You hit the giant cockroach but do no damage.
The giant cockroach bites you but does no damage.
The giant gecko bites you but does no damage.
Barb4r1an's ghost points at you and mumbles some strange words.
The magic dart hits you!
* * * LOW HITPOINT WARNING * * *
You closely miss barb4r1an's ghost.
The giant cockroach bites you but does no damage.
The giant gecko closely misses you.
Barb4r1an's ghost hits you but does no damage.
The giant cockroach bites you but does no damage.
You hit barb4r1an's ghost but do no damage.
The giant gecko bites you but does no damage.
The giant cockroach bites you.
* * * LOW HITPOINT WARNING * * *
Barb4r1an's ghost hits you!
You die...

#............## #.#.....
................ #.#.####
....$...........# #.#.
..................## #.
...................# #.
...................#
.................###########
.................l≈≈≈≈≈≈≈≈≈.
................@W≈≈≈≈∩≈≈≈≈.
..........#######s≈≈≈≈≈≈≈≈≈.
..........# ############
..........# ..........#
..........# ..........#
..........# ..........#


You could see barb4r1an's ghost, a giant gecko and a giant cockroach.

Vanquished Creatures
  A hound (D:3)
  An orc priest (D:3)
  An orc wizard (D:3)
  4 adders (D:3)
  A worm (D:4)
  4 dart slugs
  3 giant geckos
  8 orcs
  A ball python (D:2)
  11 bats
  9 goblins
  7 hobgoblins
  4 jackals (D:3)
  3 quokkas
  A giant newt (D:2)
  13 kobolds
  4 rats
76 creatures vanquished.

Notes
Turn   | Place    | Note
--------------------------------------------------------------
     0 | D:1      | barb4r1an the Demonspawn Gladiator began the quest for the Orb.
     0 | D:1      | Reached XP level 1. HP: 16/16 MP: 1/1
   115 | D:1      | Gained mutation: You sometimes gain a little power by taking damage. [demonic ancestry]
   115 | D:1      | Reached XP level 2. HP: 22/22 MP: 2/2
   524 | D:1      | Reached XP level 3. HP: 2/28 MP: 3/3
   576 | D:1      | Reached skill level 1 in Armour
  1386 | D:2      | You fall through a shaft!
  1535 | D:3      | Reached XP level 4. HP: 16/34 MP: 4/4
  2123 | D:3      | Reached XP level 5. HP: 38/40 MP: 5/5
  2546 | D:4      | Found an iron altar of Okawaru.
  2560 | D:4      | Became a worshipper of Warmaster Okawaru
  2622 | D:4      | Found a glowing drain.
  2625 | D:4      | Noticed barb4r1an's ghost (amateur DrCj)
  2640 | D:4      | Slain by barb4r1an's ghost

Skill      XL: |  1  2  3  4  5 |
---------------+----------------+-----
Staves         | 3 |  3.9
Armour         | 1 2 |  2.2
Dodging        | 3 |  3.6
Fighting       | 3 |  3.1
Throwing       | |  1.7

Action                   |  1- 3 |  4- 6 || total
-------------------------+-------+-------++-------
Melee: Quarterstaff      |   143 |   129 ||   272
 Stab: Sleeping          |     1 |       ||     1
  Eat: Chunk             |     1 |     4 ||     5
Armor: Leather armour    |    45 |       ||    45
       Chain mail        |     7 |   122 ||   129
Dodge: Dodged            |   105 |    97 ||   202
